 Dungeon Sprint DCSS version 0.30-a0-310-g7d6cbdfea6 (webtiles) character file.

Game seed: 15334792835297497897

22300000 garrulousMonolith the Axe Maniac (level 27, -37/249 HPs)
             Began as a Mummy Warper on Oct 24, 2022.
             Was the Champion of Makhleb.
             Annihilated by a vile
             ... wielding a +0 flail
              (208 damage)
             ... in the Dungeon (Sprint VIII: "Arena of Blood").
             The game lasted 00:06:11 (223 turns).

garrulousMonolith the Axe Maniac (Mummy Warper)      Turns: 223, Time: 00:06:12

Health: -37/249    AC:  6    Str: 15    XL:     27
Magic:  15/54      EV: 33    Int: 16    God:    Makhleb [******]
Gold:   0          SH:  0    Dex: 21    Spells: 65/80 levels left

rFire   x . .      SeeInvis +    e - +∞ Axe of Woe
rCold   + . .      Faith    +    (shield currently unavailable)
rNeg    + + +      Spirit   .    b - +0 leather armour
rPois   ∞          Reflect  .    (no helmet)
rElec   .          Harm     .    (no cloak)
rCorr   .          Rampage  .    (no gloves)
Will    +++..      NoTele   +    (no boots)
Stlth   ++++++++++               (no amulet)
HPRegen 0.61/turn                f - ring of see invisible
MPRegen 0.34/turn                (no ring)

@: no status effects
A: cold resistance 1, negative energy resistance 3, torment resistance 2, heat
vulnerability 1, in touch with death 2, no potions, faith
a: Renounce Religion, Minor Destruction, Lesser Servant of Makhleb, Major
Destruction, Greater Servant of Makhleb


You were in the Dungeon.
You worshipped Makhleb.
Makhleb was exalted by your worship.
You visited 1 branch

Inventory:

Hand Weapons
 a - a +0 hand axe
 e - the +∞ Axe of Woe (weapon)
   (You found it in the Dungeon)
Missiles
 d - 7 boomerangs of dispersal (quivered)
Armour
 b - a +0 leather armour (worn)
Jewellery
 c - a +30 ring of slaying
 f - a ring of see invisible (left hand)
 g - a +100 ring of slaying
 h - a +200 ring of slaying
 i - a +30 ring of slaying
 j - a +30 ring of slaying
 k - a +30 ring of slaying
 l - a +30 ring of slaying
 m - a +30 ring of slaying
 n - a +30 ring of slaying
 o - a +30 ring of slaying
 p - a +30 ring of slaying
 q - a +30 ring of slaying
 r - a +30 ring of slaying
 s - a +30 ring of slaying


   Skills:
 O Level 27 Fighting
 O Level 27 Short Blades
 O Level 27 Long Blades
 O Level 27 Axes
 O Level 27 Maces & Flails
 O Level 27 Polearms
 O Level 27 Staves
 O Level 27 Ranged Weapons
 O Level 27 Throwing
 O Level 27 Armour
 O Level 27 Dodging
 O Level 27 Stealth
 O Level 27 Shields
 O Level 27 Unarmed Combat
 O Level 27 Spellcasting
 O Level 27 Conjurations
 O Level 27 Hexes
 O Level 27 Summonings
 O Level 27 Necromancy
 O Level 27 Translocations
 O Level 27 Transmutations
 O Level 27 Fire Magic
 O Level 27 Ice Magic
 O Level 27 Air Magic
 O Level 27 Earth Magic
 O Level 27 Poison Magic
 O Level 27 Invocations
 O Level 27 Evocations


You had 65 spell levels left.
You knew the following spells:

 Your Spells              Type           Power      Damage    Failure   Level
a - Blink                 Tloc           100%       N/A       0%          2
b - Teleport Other        Tloc           82%        N/A       0%          3
c - Manifold Assault      Tloc           82%        N/A       0%          4
d - Vhi's Electric Charg  Tloc/Air       100%       N/A       0%          3
e - Lesser Beckoning      Tloc           100%       N/A       0%          3

Your spell library contained the following spells:

 Spells                   Type           Power      Damage    Failure   Level


Dungeon Overview and Level Annotations

Branches:
Dungeon (1/1)

Altars:
Makhleb


Innate Abilities, Weirdness & Mutations

You are immune to poison.
Your flesh is cold resistant. (rC+)
You are immune to negative energy. (rN+++)
You are immune to unholy pain and torment.
You are vulnerable to heat. (rF-)
You are strongly in touch with the powers of death.
You do not drink.
You have a special connection with the divine. (Faith)


Message History

Flame seeps out of the large bag of meat.
You dissect the large bag of meat like a pig carcass.
Makhleb accepts your kill.
You slash the destroyer! You chop the destroyer into pieces.
You destroy the destroyer!
Makhleb accepts your kill.
The large bag of meat explodes!
The fiery explosion engulfs the eight-headed meat hydra!!
You hear a roar! x2; You hear a shout! x2
A destroyer comes into view. It is wielding a +9 vorpal great sword.
A wretched soul comes into view.
The scourge is engulfed in poison gas.
The scourge is poisoned.
You hear a shout!
The vile hits you with a +0 flail!
You are engulfed in flames!!!!!
The fire burns you terribly!
Ouch! That really hurt!
You hear a shout! x4
A fleshlord comes into view. It is wielding a +9 great mace.
Casting: Manifold Assault (safe; 0% risk of failure)
Confirm with . or Enter, or press ? or * to list all spells.
Space momentarily warps into an impossible shape!
You slash the wretched soul!
You hew the wretched soul savagely.
You destroy the wretched soul!
Makhleb accepts your kill.
You feel better.
You slash the accursed! You chop the accursed into pieces.
You destroy the accursed!
Makhleb accepts your kill.
You feel better.
You slice the bag of meat!!
You fatally mangle the bag of meat.
You kill the bag of meat!
Makhleb accepts your kill.
You feel better.
You feel extremely nervous for a moment...
You feel a surge of unholy energy.
You hear a shout! x5
The bag of meat is engulfed in blazing flames. x2
The vile hits you with a +0 flail!
You are engulfed in flames!!!!!
The fire burns you terribly!
Ouch! That really hurt!
You die...

## #.# #.# #.#
#########.######
...........))))####
.....))§§§o@)○))..#
....##)##°##9##))....#
.......)§§.o°☼L.......
#...oo##.##.WoS.......
.........OOo.°....)..
Oo......DM#.#.§§.).)#.†.
O....2W.p...V○§..####L.
....Lzo...O.p§..V ..
............D..o


You could see a tyrant (fast), a destroyer, a scourge (poisoned), a fleshlord, a
dread, a vile (fast) and 3 bags of meat.

Vanquished Creatures
  4 hell knights (D)
  5 hell beasts (D)
  4 royal mummies (D)
  A great orb of eyes (D)
  3 wraiths (D)
  4 vampire knights (D)
  30 ogres (D)
  6 two-headed ogres (D)
  A lich (D)
  5 hydras (D)
  4 phantoms (D)
  41 orcs (D)
  5 skeletal warriors (D)
  3 sea snakes (D)
116 creatures vanquished.

Notes
Turn   | Place    | Note
-------+----------+-------------------------------------------
     0 | D        | Found the +∞ Axe of Woe
     0 | D        | garrulousMonolith the Mummy Warper began the quest for the
                  | Orb.
     0 | D        | Reached XP level 1. HP: 16/16 MP: 4/4
     3 | D        | Noticed a bag of meat
     4 | D        | Became a worshipper of Makhleb the Destroyer
     5 | D        | Killed a bag of meat
     6 | D        | Reached skill level 10 in Fighting
     6 | D        | Reached XP level 2. HP: 36/36 MP: 4/15
     6 | D        | Gained mutation: You are in touch with the powers of death.
                  | [Mummy growth]
     6 | D        | Reached XP level 3. HP: 42/42 MP: 4/16
     6 | D        | Reached XP level 4. HP: 48/48 MP: 4/18
     6 | D        | Reached XP level 5. HP: 54/54 MP: 4/19
     6 | D        | Reached XP level 6. HP: 61/61 MP: 4/21
     6 | D        | Reached XP level 7. HP: 67/67 MP: 4/22
     6 | D        | Reached XP level 8. HP: 73/73 MP: 4/24
     6 | D        | Reached XP level 9. HP: 79/79 MP: 4/25
     6 | D        | Reached XP level 10. HP: 86/86 MP: 4/26
     6 | D        | Noticed a bag of meat
     7 | D        | Noticed a bag of meat
     7 | D        | Noticed a meat berserker
     7 | D        | Noticed a bag of meat
     7 | D        | Noticed a bag of meat
     7 | D        | Noticed a meat berserker
     7 | D        | Noticed a bag of meat
     7 | D        | Noticed a bag of meat
     8 | D        | Killed a bag of meat
     8 | D        | Reached * piety under Makhleb
     8 | D        | Noticed a meat berserker
     9 | D        | Reached skill level 15 in Axes
     9 | D        | Reached XP level 11. HP: 92/92 MP: 4/27
     9 | D        | Noticed a bag of meat
     9 | D        | Noticed a meat berserker
     9 | D        | Noticed a meat berserker
     9 | D        | Noticed a bag of meat
    10 | D        | Killed a meat berserker
    10 | D        | Killed a meat berserker
    10 | D        | Reached ** piety under Makhleb
    10 | D        | Killed a bag of meat
    10 | D        | Noticed a bag of meat
    11 | D        | Reached XP level 12. HP: 98/98 MP: 5/28
    11 | D        | Gained mutation: You are strongly in touch with the powers
                  | of death. [Mummy growth]
    11 | D        | Reached XP level 13. HP: 104/104 MP: 5/29
    11 | D        | Reached XP level 14. HP: 111/111 MP: 5/30
    11 | D        | Noticed a bag of meat
    11 | D        | Noticed a meat berserker
    11 | D        | Noticed a meat berserker
    12 | D        | Killed a bag of meat
    12 | D        | Killed a bag of meat
    12 | D        | Reached *** piety under Makhleb
    12 | D        | Killed a meat berserker
    12 | D        | Noticed a meat berserker
    13 | D        | Reached skill level 27 in Axes
    13 | D        | Reached XP level 15. HP: 144/144 MP: 5/31
    13 | D        | Killed a meat berserker
    13 | D        | Reached **** piety under Makhleb
    13 | D        | Killed a meat berserker
    14 | D        | Reached skill level 27 in Fighting
    14 | D        | Reached XP level 16. HP: 167/167 MP: 5/32
    14 | D        | Reached ***** piety under Makhleb
    16 | D        | Killed a meat berserker
    17 | D        | Killed a meat berserker
    17 | D        | Killed a meat berserker
    18 | D        | Reached skill level 27 in Dodging
    18 | D        | Reached XP level 17. HP: 174/174 MP: 6/33
    18 | D        | Reached ****** piety under Makhleb
    19 | D        | Noticed a destroyer
    21 | D        | Noticed a large bag of meat
    21 | D        | Noticed a meat berserker
    21 | D        | Noticed a meat berserker
    22 | D        | Noticed a large bag of meat
    22 | D        | Noticed a large bag of meat
    22 | D        | Noticed a meat berserker
    22 | D        | Noticed a meat berserker
    22 | D        | Noticed a meat berserker
    23 | D        | Noticed a large bag of meat
    26 | D        | Noticed a meat berserker
    29 | D        | Killed a large bag of meat
    30 | D        | Reached XP level 18. HP: 119/182 MP: 8/34
    31 | D        | Noticed a meat berserker
    31 | D        | Noticed a meat berserker
    31 | D        | Noticed a destroyer
    31 | D        | Noticed a destroyer
    32 | D        | Noticed a meat berserker
    34 | D        | Killed a destroyer
    34 | D        | Killed a meat berserker
    34 | D        | Killed a meat berserker
    34 | D        | Killed a meat berserker
    35 | D        | Reached skill level 27 in Stealth
    35 | D        | Noticed a sculptor of flesh
    35 | D        | Killed a meat berserker
    36 | D        | Reached XP level 19. HP: 189/189 MP: 10/36
    36 | D        | Noticed a meat berserker
    36 | D        | Killed a destroyer
    37 | D        | Reached skill level 27 in Invocations
    37 | D        | Reached skill level 15 in Armour
    38 | D        | Killed a large bag of meat
    40 | D        | Killed a meat berserker
    41 | D        | Reached XP level 20. HP: 197/197 MP: 11/37
    41 | D        | Killed a meat berserker
    41 | D        | Killed a large bag of meat
    41 | D        | Noticed a large bag of meat
    42 | D        | Reached skill level 27 in Armour
    42 | D        | Reached skill level 15 in Translocations
    42 | D        | Noticed a meat berserker
    43 | D        | Killed a meat berserker
    43 | D        | Killed a large bag of meat
    45 | D        | Reached skill level 27 in Spellcasting
    45 | D        | Reached XP level 21. HP: 185/204 MP: 11/52
    48 | D        | Reached skill level 27 in Translocations
    48 | D        | Reached skill level 5 in Necromancy
    49 | D        | Reached skill level 10 in Evocations
    50 | D        | Noticed an accursed
    52 | D        | Reached skill level 15 in Necromancy
    53 | D        | Reached skill level 15 in Evocations
    56 | D        | Reached XP level 22. HP: 212/212 MP: 14/53
    58 | D        | Killed an accursed
    61 | D        | Reached skill level 27 in Necromancy
    64 | D        | Noticed a dread
    66 | D        | Noticed a meat beast
    66 | D        | Noticed a meat beast
    68 | D        | Killed a meat beast
    69 | D        | Reached skill level 27 in Evocations
    69 | D        | Reached skill level 10 in Short Blades
    69 | D        | Reached skill level 10 in Long Blades
    69 | D        | Reached skill level 10 in Staves
    69 | D        | Reached skill level 10 in Ranged Weapons
    69 | D        | Reached skill level 10 in Shields
    69 | D        | Reached skill level 10 in Unarmed Combat
    69 | D        | Reached XP level 23. HP: 219/219 MP: 18/54
    69 | D        | Noticed a meat beast
    73 | D        | Noticed a meat beast
    74 | D        | Killed a meat beast
    75 | D        | Reached skill level 15 in Short Blades
    75 | D        | Reached skill level 15 in Long Blades
    75 | D        | Reached skill level 15 in Staves
    75 | D        | Reached skill level 15 in Ranged Weapons
    75 | D        | Reached skill level 15 in Shields
    75 | D        | Reached skill level 15 in Unarmed Combat
    79 | D        | Reached XP level 24. HP: 227/227 MP: 21/54
    83 | D        | Noticed a meat beast
    85 | D        | Killed a meat beast
    86 | D        | Reached XP level 25. HP: 178/234 MP: 23/54
    89 | D        | Learned a level 2 spell: Blink
    90 | D        | Noticed an accursed
    91 | D        | Killed an accursed
    96 | D        | Learned a level 3 spell: Teleport Other
    98 | D        | Noticed a tyrant
   109 | D        | Killed a tyrant
   118 | D        | Learned a level 4 spell: Manifold Assault
   131 | D        | Reached XP level 26. HP: 242/242 MP: 33/54
   131 | D        | Noticed a fleshlord
   153 | D        | Learned a level 3 spell: Vhi's Electric Charge
   154 | D        | Noticed a meat beast
   157 | D        | Learned a level 3 spell: Lesser Beckoning
   170 | D        | Noticed a fleshlord
   171 | D        | Killed a fleshlord
   172 | D        | Reached skill level 27 in Short Blades
   172 | D        | Reached skill level 27 in Long Blades
   172 | D        | Reached skill level 27 in Staves
   172 | D        | Reached skill level 27 in Ranged Weapons
   172 | D        | Reached skill level 27 in Shields
   172 | D        | Reached skill level 27 in Unarmed Combat
   172 | D        | Reached skill level 15 in Throwing
   172 | D        | Reached XP level 27. HP: 249/249 MP: 43/54
   174 | D        | Noticed a dread
   181 | D        | Noticed a fleshlord
   182 | D        | Reached skill level 15 in Hexes
   182 | D        | Killed a fleshlord
   196 | D        | Noticed a meat beast
   196 | D        | Noticed a meat beast
   197 | D        | Noticed a dread
   199 | D        | Killed a meat beast
   200 | D        | Killed a meat beast
   203 | D        | Noticed a fleshlord
   205 | D        | Noticed an accursed
   206 | D        | Killed a dread
   207 | D        | Killed an accursed
   207 | D        | Killed a fleshlord
   207 | D        | Noticed a tyrant
   208 | D        | Reached skill level 27 in Throwing
   208 | D        | Reached skill level 27 in Hexes
   211 | D        | Reached skill level 27 in Conjurations
   211 | D        | Reached skill level 27 in Summonings
   211 | D        | Reached skill level 27 in Transmutations
   211 | D        | Reached skill level 27 in Fire Magic
   211 | D        | Reached skill level 27 in Ice Magic
   211 | D        | Reached skill level 27 in Air Magic
   211 | D        | Reached skill level 27 in Earth Magic
   211 | D        | Reached skill level 27 in Poison Magic
   217 | D        | Noticed a destroyer
   217 | D        | Noticed a destroyer
   217 | D        | Noticed a fleshlord
   217 | D        | Noticed a fleshlord
   218 | D        | Noticed a destroyer
   218 | D        | Killed a fleshlord
   218 | D        | Noticed a tyrant
   218 | D        | Noticed a dread
   218 | D        | Noticed an accursed
   219 | D        | Reached skill level 27 in Maces & Flails
   219 | D        | Reached skill level 27 in Polearms
   219 | D        | Killed a destroyer
   219 | D        | Killed a dread
   219 | D        | Killed a dread
   219 | D        | Noticed a dread
   219 | D        | Noticed a fleshlord
   220 | D        | Noticed a large bag of meat
   220 | D        | Noticed a destroyer
   221 | D        | Noticed a vile
   221 | D        | Killed a large bag of meat
   221 | D        | Noticed an accursed
   222 | D        | Killed a large bag of meat
   222 | D        | Killed a destroyer
   222 | D        | Noticed a destroyer
   223 | D        | Noticed a fleshlord
   223 | D        | Killed an accursed
   223 | D        | Annihilated by a vile

Illustrated notes

Levels and vault maps discovered:
D:        meatsprint

Skill      XL: |  1  2  3  4  5  6  7  8  9 10 11 12 13 14 15 16 17 18 19 20 21 22 23 24 25 26 27 |
---------------+----------------------------------------------------------------------------------+-----
Fighting       | 10 21 27 | 27.0
Axes           | 8 15 26 27 | 27.0
Throwing       | 8 15 27 | 27.0
Armour         | 8 24 27 | 27.0
Dodging        | 8 14 27 | 27.0
Spellcasting   | 12 27 | 27.0
Translocations | 8 22 27 | 27.0
Stealth        | 11 23 27 | 27.0
Invocations    | 26 27 | 27.0
Necromancy     | 21 27 | 27.0
Evocations     | 18 27 | 27.0
Short Blades   | 10 16 21 25 27 | 27.0
Long Blades    | 10 16 21 25 27 | 27.0
Staves         | 10 16 21 25 27 | 27.0
Ranged Weapons | 10 16 21 25 27 | 27.0
Shields        | 10 16 21 25 27 | 27.0
Unarmed Combat | 10 16 21 25 27 | 27.0
Conjurations   | 12 27 | 27.0
Hexes          | 13 27 | 27.0
Summonings     | 12 27 | 27.0
Transmutations | 12 27 | 27.0
Fire Magic     | 12 27 | 27.0
Ice Magic      | 12 27 | 27.0
Air Magic      | 12 27 | 27.0
Earth Magic    | 12 27 | 27.0
Poison Magic   | 12 27 | 27.0
Maces & Flails | 27 | 27.0
Polearms       | 27 | 27.0

Action                   |  1- 3 |  4- 6 |  7- 9 | 10-12 | 13-15 | 16-18 | 19-21 | 22-24 | 25-27 || total
-------------------------+-------+-------+-------+-------+-------+-------+-------+-------+-------++-------
Melee: Executioner's axe |     1 |       |       |     2 |     2 |     9 |    16 |    12 |    51 ||    93
 Cast: Manifold Assault  |       |       |       |       |       |       |       |       |    13 ||    13
  Use: Scroll            |       |       |       |       |       |     2 |       |       |       ||     2
 Stab: Distracted        |       |       |       |       |       |       |       |       |     2 ||     2
Armor: Leather armour    |       |       |       |       |       |       |       |     1 |     1 ||     2
Dodge: Dodged            |       |       |       |       |       |     1 |       |     1 |     3 ||     5

Table legend: (Time is in decaauts)
 A = Elapsed time spent in this place.
 B = Non-inter-level travel time spent in this place.
 C = Inter-level travel time spent in this place.
 D = Time resting spent in this place.
 E = Time spent auto-exploring this place.
 F = Levels seen in this place.
 G = Mean time per level.
                   A        B        C        D        E       F      G
               +--------+--------+--------+--------+--------+-----+--------+
         Total |    202 |    202 |      0 |     27 |      0 |   1 |  202.0 |
       Dungeon |    202 |    202 |      0 |     27 |      0 |   1 |  202.0 |
               +--------+--------+--------+--------+--------+-----+--------+

Top non-repeatable levels by time:
       D: 202 daAuts
